PAAA
JERSEY CITY SUN CAPS @ FLORIDA MEN
08/24/2024
 
TOP OF THE 1ST
Jersey City Sun Caps batting - Pitching for Florida Men : RHP Jim Unknown
Pitching: RHP Jim Unknown
Batting: RHB Brett Callison 0-0: Ball
1-0: Ball
2-0: Called Strike
2-1: Foul Ball, location: 2F
2-2: Fly out, F4 (Line Drive, 4)
Batting: LHB Wayne Akers 0-0: Ball
1-0: Ball
2-0: Fly out, F7 (Flyball, 78M)
Batting: LHB Bartolo Benítez 0-0: Ball
1-0: Called Strike
1-1: Called Strike
1-2: Strikes out swinging
Top of the 1st over - 0 run(s), 0 hit(s), 0 error(s), 0 left on base; Jersey City 0 - Florida 0
BOTTOM OF THE 1ST
Florida Men batting - Pitching for Jersey City Sun Caps : RHP Ben Logan
Pitching: RHP Ben Logan
Batting: RHB Jim Unknown 0-0: Swinging Strike
0-1: Ball
1-1: Ball
2-1: Ball
3-1: Foul Ball, location: 2F
3-2: Fly out, F5 (Popup, 56S)
Batting: RHB Pat Ings 0-0: SINGLE (Groundball, 6D)
Batting: RHB Raúl Ruíz 0-0: Foul Ball, location: 2F
0-1: Ball
1-1: Called Strike
1-2: Foul Ball, location: 2F
1-2: Strikes out swinging
Batting: LHB Bastyão Lizardo 0-0: Called Strike
0-1: DOUBLE (Line Drive, 5D)
Pat Ings to third
Runner from 3rd tries for Home, SAFE, no throw or cutoff
Batting: RHB Gilberto Patino 0-0: Ball
1-0: Called Strike
1-1: DOUBLE (Flyball, 8RXD)
Bastyão Lizardo scores
Batting: RHB Jim Unknown 0-0: Called Strike
0-1: Ball
1-1: Foul Ball, location: 2F
1-2: Foul Ball, location: 2F
1-2: Ball
2-2: Ball
3-2: Fly out, F2 (Popup, 2RF)
Bottom of the 1st over - 2 run(s), 3 hit(s), 0 error(s), 1 left on base; Jersey City 0 - Florida 2
TOP OF THE 2ND
Jersey City Sun Caps batting - Pitching for Florida Men : RHP Jim Unknown
Batting: LHB Roberto Sánchez 0-0: Ball
1-0: Called Strike
1-1: DOUBLE (Line Drive, 78D)
Batting: RHB Gil Moore 0-0: Ball
1-0: Fly out, F8 (Flyball, 8RM)
Batting: LHB Cole Thrash 0-0: Ball
1-0: Foul Ball, location: 2F
1-1: Swinging Strike
1-2: SINGLE (Flyball, 8RS)
Roberto Sánchez to third
Runner from 3rd tries for Home, throw and OUT!
Cole Thrash to second
Batting: RHB Tony Quintana 0-0: Called Strike
0-1: Foul Ball, location: 2F
0-2: Ball
1-2: Strikes out looking
Top of the 2nd over - 0 run(s), 2 hit(s), 0 error(s), 1 left on base; Jersey City 0 - Florida 2
BOTTOM OF THE 2ND
Florida Men batting - Pitching for Jersey City Sun Caps : RHP Ben Logan
Batting: RHB Jim Unknown 0-0: DOUBLE (Line Drive, 78D)
Batting: SHB Jim Unknown 0-0: Ball
1-0: Ball
2-0: SINGLE (Line Drive, 34)
Jim Unknown to third
Batting: RHB Aaron Phillips 0-0: Swinging Strike
0-1: Called Strike
0-2: Strikes out swinging
Batting: RHB Jim Unknown 0-0: SINGLE (Groundball, 5D)
Jim Unknown scores
Jim Unknown to second
Batting: RHB Pat Ings 0-0: Swinging Strike
0-1: Reached on error, E5 (Groundball, 5S)
Jim Unknown to third
Jim Unknown to second
Batting: RHB Raúl Ruíz 0-0: Grounds into double play, 1-2-3 (Groundball, 25)
Bottom of the 2nd over - 1 run(s), 3 hit(s), 1 error(s), 2 left on base; Jersey City 0 - Florida 3
TOP OF THE 3RD
Jersey City Sun Caps batting - Pitching for Florida Men : RHP Jim Unknown
Batting: RHB Bryan Wilson 0-0: Called Strike
0-1: SINGLE (Line Drive, 34)
Batting: LHB Arturo Ballina 0-0: Ball
1-0: Called Strike
1-1: Ball
2-1: SINGLE (Line Drive, 6D)
Bryan Wilson to second
Batting: RHB Brett Callison 0-0: Called Strike
0-1: Ball
1-1: Ball
2-1: Called Strike
2-2: Foul Ball, location: 2F
2-2: Foul Ball, location: 2F
2-2: Fly out, F8 (Flyball, 8RM)
Batting: LHB Wayne Akers 0-0: Ground out 5-3 (Groundball, 56S)
Bryan Wilson to third
Arturo Ballina to second
Batting: LHB Bartolo Benítez 0-0: Called Strike
0-1: Fly out, F7 (Popup, 78S)
Top of the 3rd over - 0 run(s), 2 hit(s), 0 error(s), 2 left on base; Jersey City 0 - Florida 3
BOTTOM OF THE 3RD
Florida Men batting - Pitching for Jersey City Sun Caps : RHP Ben Logan
Batting: LHB Bastyão Lizardo 0-0: Fly out, F6 (Line Drive, 6)
Batting: RHB Gilberto Patino 0-0: Called Strike
0-1: Ball
1-1: Called Strike
1-2: Fly out, F9 (Flyball, 9M)
Batting: RHB Jim Unknown 0-0: Ball
1-0: Foul Ball, location: 2F
1-1: Ball
2-1: Foul Ball, location: 2F
2-2: Ball
3-2: Fly out, F9 (Flyball, 89M)
Bottom of the 3rd over - 0 run(s), 0 hit(s), 0 error(s), 0 left on base; Jersey City 0 - Florida 3
TOP OF THE 4TH
Jersey City Sun Caps batting - Pitching for Florida Men : RHP Jim Unknown
Batting: LHB Roberto Sánchez 0-0: Ball
1-0: Ball
2-0: Ball
3-0: Fly out, F6 (Line Drive, 6M)
Batting: RHB Gil Moore 0-0: Ball
1-0: Swinging Strike
1-1: Fly out, F7 (Line Drive, 7D)
Batting: LHB Cole Thrash 0-0: Foul Ball, location: 2F
0-1: Foul Ball, location: 2F
0-2: Ball
1-2: Ball
2-2: Ball
3-2: Fly out, F2 (Popup, 2RF)
Top of the 4th over - 0 run(s), 0 hit(s), 0 error(s), 0 left on base; Jersey City 0 - Florida 3
BOTTOM OF THE 4TH
Florida Men batting - Pitching for Jersey City Sun Caps : RHP Ben Logan
Batting: RHB Jim Unknown 0-0: Called Strike
0-1: Fly out, F4 (Popup, 4M)
Batting: SHB Jim Unknown 0-0: Called Strike
0-1: Foul Ball, location: 2F
0-2: Ball
1-2: Ball
2-2: Strikes out swinging
Batting: RHB Aaron Phillips 0-0: Fly out, F8 (Flyball, 8LXD)
Bottom of the 4th over - 0 run(s), 0 hit(s), 0 error(s), 0 left on base; Jersey City 0 - Florida 3
TOP OF THE 5TH
Jersey City Sun Caps batting - Pitching for Florida Men : RHP Jim Unknown
Batting: RHB Tony Quintana 0-0: Called Strike
0-1: SINGLE (Groundball, 6MD)
Batting: RHB Bryan Wilson 0-0: Sac Bunt - play at first, batter OUT! 2-4
Tony Quintana to second
Batting: LHB Arturo Ballina 0-0: Ball
1-0: SINGLE (Groundball, 34S) (infield hit)
Tony Quintana to third
Batting: RHB Brett Callison 0-0: Ball
1-0: Called Strike
1-1: Ball
2-1: Fly out, F6 (Popup, 56D)
Batting: LHB Wayne Akers 0-0: Called Strike
0-1: Called Strike
0-2: Ball
1-2: Ground out 5-3 (Groundball, 5L)
Top of the 5th over - 0 run(s), 2 hit(s), 0 error(s), 2 left on base; Jersey City 0 - Florida 3
BOTTOM OF THE 5TH
Florida Men batting - Pitching for Jersey City Sun Caps : RHP Ben Logan
Batting: RHB Jim Unknown 0-0: Ball
1-0: Ball
2-0: SINGLE (Groundball, 56D)
Batting: RHB Pat Ings 0-0: Ground out 4-3 (Groundball, 4M)
Jim Unknown to second
Batting: RHB Raúl Ruíz 0-0: Fly out, F6 (Line Drive, 6)
Batting: LHB Bastyão Lizardo 0-0: Foul Ball, location: 2F
0-1: DOUBLE (Flyball, 8LXD)
Jim Unknown scores
Batting: RHB Gilberto Patino 0-0: Fly out, F9 (Flyball, 89D)
Bottom of the 5th over - 1 run(s), 2 hit(s), 0 error(s), 1 left on base; Jersey City 0 - Florida 4
TOP OF THE 6TH
Jersey City Sun Caps batting - Pitching for Florida Men : RHP Jim Unknown
Batting: LHB Bartolo Benítez 0-0: Called Strike
0-1: Ball
1-1: Swinging Strike
1-2: Ball
2-2: Ball
3-2: Strikes out swinging
Batting: LHB Roberto Sánchez 0-0: Ball
1-0: Ball
2-0: Called Strike
2-1: SINGLE (Line Drive, 7S)
Batting: RHB Gil Moore 0-0: Ball
1-0: Called Strike
1-1: Called Strike
1-2: Strikes out looking
Batting: LHB Cole Thrash 0-0: Called Strike
0-1: Ground out 4-3 (Groundball, 4)
Top of the 6th over - 0 run(s), 1 hit(s), 0 error(s), 1 left on base; Jersey City 0 - Florida 4
BOTTOM OF THE 6TH
Florida Men batting - Pitching for Jersey City Sun Caps : RHP Ben Logan
Batting: RHB Jim Unknown 0-0: Ball
1-0: Ball
2-0: Foul Ball, location: 2F
2-1: Swinging Strike
2-2: Ground out 6-3 (Groundball, 6)
Batting: RHB Jim Unknown 0-0: Swinging Strike
0-1: Swinging Strike
0-2: Ball
1-2: Foul Ball, location: 2F
1-2: Strikes out swinging
Batting: SHB Jim Unknown 0-0: Foul Ball, location: 2F
0-1: Called Strike
0-2: Ball
1-2: Fly out, F9 (Popup, 8RS)
Bottom of the 6th over - 0 run(s), 0 hit(s), 0 error(s), 0 left on base; Jersey City 0 - Florida 4
TOP OF THE 7TH
Jersey City Sun Caps batting - Pitching for Florida Men : RHP Jim Unknown
Batting: RHB Tony Quintana 0-0: Called Strike
0-1: Swinging Strike
0-2: Ball
1-2: Foul Ball, location: 2F
1-2: Fly out, F9 (Flyball, 9M)
Batting: RHB Bryan Wilson 0-0: SINGLE (Line Drive, 56D)
Batting: LHB Arturo Ballina 0-0: Foul Ball, location: 2F
0-1: Foul Ball, location: 2F
0-2: Ball
1-2: Strikes out swinging
Batting: RHB Brett Callison 0-0: Called Strike
0-1: Ball
1-1: Called Strike
Bryan Wilson steals 2nd base
1-2: Foul Ball, location: 2F
1-2: Ball
2-2: Ground out 5-3 (Groundball, 56S)
Top of the 7th over - 0 run(s), 1 hit(s), 0 error(s), 1 left on base; Jersey City 0 - Florida 4
BOTTOM OF THE 7TH
Florida Men batting - Pitching for Jersey City Sun Caps : RHP Ben Logan
Batting: RHB Aaron Phillips 0-0: Called Strike
0-1: Ball
1-1: Ball
2-1: Ball
3-1: Called Strike
3-2: Foul Ball, location: 2F
3-2: Base on Balls
Batting: RHB Jim Unknown 0-0: Sac Bunt - play at first, batter OUT! U3
Aaron Phillips to second
Batting: RHB Pat Ings 0-0: Ball
1-0: Called Strike
1-1: Ball
2-1: Ball
3-1: Swinging Strike
3-2: Foul Ball, location: 2F
3-2: DOUBLE (Flyball, 9LS)
Aaron Phillips scores
Pitching: LHP Tommy Blevins
Batting: RHB Raúl Ruíz 0-0: Ball
1-0: Swinging Strike
1-1: SINGLE (Groundball, 5L)
Pat Ings to third
Batting: LHB Bastyão Lizardo 0-0: Swinging Strike
0-1: Foul Ball, location: 2F
0-2: Ball
1-2: Foul Ball, location: 2F
1-2: Foul Ball, location: 2F
1-2: Ball
2-2: Strikes out swinging
Batting: RHB Gilberto Patino 0-0: Foul Ball, location: 2F
0-1: SINGLE (Groundball, 13S) (infield hit)
Pat Ings scores
Raúl Ruíz to second
Batting: RHB Jim Unknown 0-0: Called Strike
0-1: Ball
1-1: Foul Ball, location: 2F
1-2: Strikes out swinging
Bottom of the 7th over - 2 run(s), 3 hit(s), 0 error(s), 2 left on base; Jersey City 0 - Florida 6
TOP OF THE 8TH
Jersey City Sun Caps batting - Pitching for Florida Men : RHP Jim Unknown
Batting: LHB Wayne Akers 0-0: Ball
1-0: Foul Ball, location: 2F
1-1: Ball
2-1: Ball
3-1: Base on Balls
Batting: LHB Bartolo Benítez 0-0: Ground out 5-3 (Groundball, 56S)
Wayne Akers to second
Batting: LHB Roberto Sánchez 0-0: Ball
1-0: Fly out, F9 (Flyball, 9LD)
Runner from 2nd tags up, SAFE at 3rd, no throw
Pitching: RHP Alberto Ríos
Batting: RHB Gil Moore 0-0: Ball
1-0: Called Strike
1-1: Ball
2-1: Foul Ball, location: 2F
2-2: Ball
3-2: Fly out, F4 (Popup, 4D)
Top of the 8th over - 0 run(s), 0 hit(s), 0 error(s), 1 left on base; Jersey City 0 - Florida 6
BOTTOM OF THE 8TH
Florida Men batting - Pitching for Jersey City Sun Caps : LHP Tommy Blevins
Batting: RHB Jim Unknown 0-0: Called Strike
0-1: Ball
1-1: Called Strike
1-2: Ball
2-2: Fly out, F3 (Popup, 34)
Batting: SHB Jim Unknown 0-0: Ball
1-0: Called Strike
1-1: Called Strike
1-2: Foul Ball, location: 2F
1-2: Foul Ball, location: 2F
1-2: Ball
2-2: Fly out, F9 (Popup, 89S)
Batting: RHB Aaron Phillips 0-0: Ball
1-0: SINGLE (Flyball, 8RS)
Batting: RHB Jim Unknown 0-0: Called Strike
0-1: Called Strike
0-2: Ball
1-2: Ball
2-2: DOUBLE (Line Drive, 8LS)
Aaron Phillips to third
Batting: RHB Pat Ings 0-0: Called Strike
0-1: Ball
1-1: SINGLE (Groundball, 34)
Aaron Phillips scores
Jim Unknown to third
Runner from 3rd tries for Home, SAFE, throw made home
Pat Ings to second
Batting: RHB Raúl Ruíz 0-0: Called Strike
0-1: Ball
1-1: Fly out, F2 (Popup, 25F)
Bottom of the 8th over - 2 run(s), 3 hit(s), 0 error(s), 1 left on base; Jersey City 0 - Florida 8
TOP OF THE 9TH
Jersey City Sun Caps batting - Pitching for Florida Men : RHP Alberto Ríos
Batting: LHB Cole Thrash 0-0: Ball
1-0: Foul Ball, location: 2F
1-1: Ball
2-1: Swinging Strike
2-2: Ground out 4-3 (Groundball, 4)
Batting: RHB Tony Quintana 0-0: Ball
1-0: Called Strike
1-1: Ground out 6-3 (Groundball, 56)
Batting: RHB Bryan Wilson 0-0: Ball
1-0: Ball
2-0: Ball
3-0: Foul Ball, location: 2F
3-1: Foul Ball, location: 2F
3-2: Foul Ball, location: 2F
3-2: Base on Balls
Batting: LHB Arturo Ballina 0-0: Ball
1-0: Called Strike
1-1: Ball
2-1: Called Strike
2-2: SINGLE (Groundball, 5D)
Bryan Wilson to second
Batting: RHB Brett Callison 0-0: Ground out 5-3 (Groundball, 5L)
Top of the 9th over - 0 run(s), 1 hit(s), 0 error(s), 2 left on base; Jersey City 0 - Florida 8
This league is powered by Out of the Park Baseball, the baseball management simulation game for PC, Mac and Linux
Monday, October 3rd, 2016 - OOTP Baseball 16.9 Build 39